AoeStats
← omi_omar

Arena

510365557Analyzed
3v3 RM · 18h ago on Sep 30, 2026· 61m 6s· 6 players
Game mode
Random Map
Map size
Normal (6 player)
Population
200
Speed
Normal
Resources
Standard
Victory
Conquest
Starting age
Dark Age
Ending age
Imperial Age
RankedLock teamsTeams togetherTeam positionsShared explorationLock speedFull tech treeHidden civsTurbo modeCheats
Victory
Defeat
🇮🇹 Saxons · Italy
767
+11
🇨🇿 Tatars · Czechia
766
+11
🇨🇭 Spanish · Switzerland
728
+13
🇹🇷 Sicilians · Türkiye
724
-14
🇹🇷 Bohemians · Türkiye
706
-13
🇹🇷 Turks · Türkiye
549
-8
omi_omar
1:08 Loom
11:15 Feudal Age
11:40 Horse Collar
11:47 Double-Bit Axe
17:12 Castle Age
16:16 Stone Mining
16:19 Gold Mining
18:04 Heavy Plow
18:24 Bow Saw
19:44 Wheelbarrow
22:00 Squires
22:10 Murder Holes
23:02 Stone Shaft Mining
31:09 Hand Cart
31:14 Arson
30:49 Pikeman
37:29 Imperial Age
35:47 Town Watch
37:00 Inquisition
37:19 Padded Archer Armor
37:09 Fletching
37:30 Forging
37:25 Scale Barding Armor
37:23 Caravan
39:14 Two-Man Saw
39:21 Chemistry
38:41 Ballistics
38:32 Fortified Wall
38:34 Masonry
38:29 Scale Mail Armor
38:45 Leather Archer Armor
39:22 Supremacy
39:22 Conscription
40:01 Elite Conquistador
40:44 Sappers
41:35 Bodkin Arrow
42:16 Iron Casting
41:57 Halberdier
42:25 Gambesons
42:47 Thumb Ring
44:13 Bracer
44:44 Ring Archer Armor
45:14 Blast Furnace
44:35 Chain Barding Armor
45:07 Town Patrol
45:28 Guilds
52:57 Capped Ram
56:21 Plate Barding Armor
riczoc
9:50 Loom
13:44 Feudal Age
14:28 Horse Collar
14:36 Double-Bit Axe
21:17 Castle Age
19:42 Gold Mining
19:39 Man-at-Arms
20:57 Stone Mining
21:21 Forging
21:00 Arson
22:45 Heavy Plow
22:54 Caravan
23:04 Long Swordsman
24:41 Iron Casting
24:31 Bow Saw
24:13 Gambesons
24:49 Squires
29:06 Fletching
31:47 Wheelbarrow
36:26 Imperial Age
34:50 Hand Cart
35:59 Bodkin Arrow
36:05 Scale Mail Armor
36:39 Elite Varangian Guard
36:42 Two-Handed Swordsman
38:01 Chain Mail Armor
37:48 Bracer
37:51 Town Watch
37:58 Shield Wall
38:00 Elite Hearth Troop
40:18 Two-Man Saw
39:53 Crop Rotation
40:01 Gold Shaft Mining
39:39 Champion
40:54 Plate Mail Armor
40:20 Pikeman
41:28 Conscription
43:07 Hoardings
44:44 Padded Archer Armor
45:42 Murder Holes
48:31 Ballistics
48:24 Masonry
55:14 Scale Barding Armor
55:46 Leather Archer Armor
55:43 Town Patrol
56:03 Redemption
55:54 Atonement
56:19 Illumination
55:55 Devotion
56:16 Sanctity
56:16 Heresy
56:32 Theocracy
56:15 Block Printing
55:58 Herbal Medicine
55:42 Light Cavalry
56:33 Bloodlines
56:24 Husbandry
57:19 Chain Barding Armor
57:30 Ring Archer Armor
56:51 Hussar
tenzpotravin
13:40 Feudal Age
14:05 Horse Collar
14:11 Double-Bit Axe
17:43 Wheelbarrow
21:17 Castle Age
20:57 Stone Mining
20:58 Gold Mining
25:20 Gold Shaft Mining
24:48 Heavy Plow
25:01 Bow Saw
28:40 Hand Cart
29:14 Town Watch
30:34 Loom
31:27 Forging
31:22 Scale Barding Armor
31:07 Fletching
31:18 Padded Archer Armor
34:33 Town Patrol
34:54 Silk Armor
37:41 Imperial Age
35:50 Iron Casting
35:36 Chain Barding Armor
35:31 Leather Archer Armor
35:11 Bodkin Arrow
35:47 Caravan
36:43 Ballistics
37:30 Squires
38:19 Husbandry
38:30 Bloodlines
37:42 Light Cavalry
39:10 Ring Archer Armor
39:42 Chemistry
39:03 Bracer
39:39 Plate Barding Armor
40:04 Blast Furnace
39:30 Conscription
38:37 Heavy Cavalry Archer
47:53 Hussar
59:53 Elite Keshik
guneydadaliiii
9:54 Feudal Age
10:58 Double-Bit Axe
17:10 Castle Age
16:05 Horse Collar
18:27 Bow Saw
18:19 Heavy Plow
23:39 Wheelbarrow
26:46 Hand Cart
26:18 Pikeman
26:58 Squires
30:32 Imperial Age
27:53 Town Watch
28:00 Pikeman
28:44 Squires
28:29 Arson
28:49 Caravan
29:13 Ballistics
29:27 Town Patrol
29:12 Loom
31:29 Chemistry
30:32 Scale Mail Armor
30:42 Forging
32:44 Two-Man Saw
32:02 Chain Mail Armor
33:31 Siege Engineers
36:18 Elite Hussite Wagon
36:23 Halberdier
37:39 Plate Mail Armor
37:44 Iron Casting
39:10 Heavy Scorpion
50:49 Wagenburg Tactics
59:53 Blast Furnace
Milqa
10:52 Feudal Age
14:25 Horse Collar
18:48 Castle Age
17:09 Double-Bit Axe
17:19 Gold Mining
17:21 Stone Mining
17:52 Scale Barding Armor
17:38 Fletching
17:48 Padded Archer Armor
19:54 Bow Saw
19:46 Heavy Plow
20:24 Gold Shaft Mining
24:28 Chain Barding Armor
24:24 Leather Archer Armor
25:30 Bodkin Arrow
27:52 Husbandry
36:42 Imperial Age
35:21 Ballistics
35:42 Wheelbarrow
37:10 Caravan
37:41 Coinage
37:00 Elite Janissary
39:43 Two-Man Saw
42:11 Hand Cart
44:14 Cavalier
45:36 Plate Barding Armor
45:31 Ring Archer Armor
45:01 Bracer
44:48 Heavy Camel Rider
46:40 Murder Holes
58:17 Bloodlines
LEGATUS
0:40 Loom
13:31 Feudal Age
14:52 Wheelbarrow
14:07 Double-Bit Axe
14:07 Horse Collar
14:29 Man-at-Arms
18:55 Scale Barding Armor
19:00 Forging
19:22 Fletching
22:25 Gold Mining
22:26 Stone Mining
26:30 Castle Age
27:27 Hand Cart
27:27 Bow Saw
26:59 Pikeman
29:09 Chain Barding Armor
29:17 Heavy Plow
31:40 Gold Shaft Mining
31:41 Stone Shaft Mining
32:55 Elite Skirmisher
43:20 Crossbowman
52:19 Long Swordsman
53:00 Squires
52:45 Gambesons
Connection lost

Rejoining the realm…

Still unreachable

The connection could not be restored.

Session expired

The server has moved on; the page needs a fresh start.